 Dungeon Crawl Stone Soup version 0.29-a0-925-g0a7a3d12f8 (webtiles) character file.

Game seed: 13285235105189369788

1358 Alarak the Thaumaturge (level 8, -3/41 HPs)
             Began as a Deep Elf Conjurer on July 29, 2022.
             Was an Elder of Cheibriados.
             Slain by a bullfrog (4 damage)
             ... on level 7 of the Dungeon.
             The game lasted 00:18:25 (5780 turns).

Alarak the Thaumaturge (Deep Elf Conjurer)          Turns: 5780, Time: 00:18:25

Health: -3/41      AC:  5    Str: 11 (14) XL:     8   Next: 37%
Magic:  16/24      EV: 13    Int: 33 (36) God:    Cheibriados [****..]
Gold:   259        SH:  0    Dex: 21 (23) Spells: 20/27 levels left

rFire   + . .      SeeInvis .   r - +3 dagger (drain)
rCold   . . .      Faith    .   (no shield)
rNeg    . . .      Spirit   .   a - +1 robe
rPois   .          Reflect  .   (no helmet)
rElec   .          Harm     .   (no cloak)
rCorr   .          Rampage  .   (no gloves)
Will    .....      Clarity  +   (no boots)
Stlth   ++........              (no amulet)
HPRegen 0.13/turn               e - ring of protection from fire
MPRegen 0.19/turn               (no ring)

@: brilliant, about to teleport, very slow
A: iridescent scales 1, clarity
a: Renounce Religion, Bend Time, Temporal Distortion, Slouch


You were on level 7 of the Dungeon.
You worshipped Cheibriados.
Cheibriados was greatly pleased with you.
You visited 1 branch of the dungeon, and saw 6 of its levels.

You collected 259 gold pieces.

Inventory:

Hand Weapons
 p - a +3 dagger
 r - a +3 dagger of draining (weapon)
Armour
 a - a +1 robe (worn)
 m - the +7 Kryia's mail coat {PotionHeal*2 rC+}
   (You found it on level 3 of the Dungeon)

   Potions are twice as effective at healing its wearer.
   rC:        It protects you from cold.
Jewellery
 e - a ring of protection from fire (left hand)
Wands
 j - a wand of iceblast (12)
 n - a wand of charming (4)
Scrolls
 k - 4 scrolls of enchant armour
 s - 2 scrolls of identify
Potions
 b - a potion of magic
 c - 2 potions of degeneration
 h - 5 potions of mutation
 i - 2 potions of attraction


   Skills:
 - Level 2.4 Dodging
 - Level 2.4 Stealth
 - Level 10.0 Spellcasting
 - Level 5.0 Conjurations
 + Level 8.9 Hexes


You had 20 spell levels left.
You knew the following spells:

 Your Spells              Type           Power      Damage    Failure   Level
a - Magic Dart            Conj           100%       1d8       1%          1
b - Searing Ray           Conj           100%       2d8       1%          2
c - Fulminant Prism       Conj/Hex       38%        3d18      1%          4

Your spell library contained the following spells:

 Spells                   Type           Power      Damage    Failure   Level
 Dazzling Flash           Conj/Hex       100%       N/A       1%          3
 Iskenderun's Mystic Bla  Conj/Tloc      49%        2d11      10%         4


Dungeon Overview and Level Annotations

Branches:
Dungeon (7/15)             Temple (0/1) D:6

Altars:
Cheibriados
Fedhas
Gozag

Shops:
D:4 (!*!


Innate Abilities, Weirdness & Mutations

You are partially covered in iridescent scales. (AC +2)
You possess an exceptional clarity of mind.


Message History

The wyvern bites you but does no damage.
It was a potion of attraction.
You feel attractive to monsters.
The bullfrog hits you but does no damage.
The wyvern barely misses you.
It was a potion of resistance.
You feel protected.
The bullfrog hits you but does no damage.
The wyvern bites you.
* * * LOW HITPOINT WARNING * * *
The bullfrog hits you but does no damage.
The wyvern bites you but does no damage.
You cannot teleport because you are held in place by your roots.
As you read the scroll labelled KIAGRO LUOH, it crumbles to dust.
The scroll dissolves into smoke.
It was a scroll of fog.
The bullfrog hits you but does no damage.
The wyvern bites you but does no damage.
It was a potion of curing.
You feel better.
The bullfrog hits you but does no damage.
The wyvern bites you but does no damage.
The bullfrog hits you but does no damage.
The wyvern bites you but does no damage.
It was a potion of cancellation.
Your magical effects are unravelling.
You feel magically purged.
You feel less wooden.
Your +1 robe unmelds from your body.
You flicker back into view.
Your resistance to elements expires.
The bullfrog hits you!
* * * LOW HITPOINT WARNING * * *
The wyvern barely misses you.
You feel less attractive to monsters.
As you read the scroll of teleportation, it crumbles to dust.
You feel strangely unstable.
The bullfrog hits you but does no damage.
The wyvern completely misses you. The bullfrog closely misses you.
The wyvern closely misses you.
It was a potion of brilliance.
You feel clever all of a sudden. The bullfrog hits you.
You die...

##### #.§.
#######§##
#####
#.....§@§#
#...#
#.#####Fl#
##.#.### #.#
#§§#
...#...###.#
#..#
.#####.<.>.#
....
...#...#####
...##
##.#.#######
...#
#.....[....
#...#
##.#.######


You could see a wyvern and a bullfrog.

Vanquished Creatures
  A water moccasin (D:6)
  A sky beast (D:7)
  2 black bears (D:6)
  An ice beast (D:6)
  A phantom (D:6)
  Blork the orc (D:3)
  A scorpion (D:6)
  2 bullfrogs (D:6)
  A howler monkey (D:6)
  2 hounds
  4 orc priests
  A jelly (D:4)
  4 iguanas
  2 orc wizards (D:6)
  An adder (D:2)
  4 gnolls (D:4)
  2 shadow imps (D:6)
  A white imp (D:6)
  A worm (D:2)
  15 orcs
  11 ball pythons
  4 endoplasms
  3 giant cockroaches
  7 goblins
  6 hobgoblins
  9 jackals
  4 kobolds
  2 quokkas
  A bat (D:3)
  4 frilled lizards
  6 rats
105 creatures vanquished.

Vanquished Creatures (others)
  3 fulminant prisms (D:6)
  6 fungi (D:6)
9 creatures vanquished.

Grand Total: 114 creatures vanquished

Notes
Turn   | Place    | Note
-------+----------+-------------------------------------------
     0 | D:1      | Alarak the Deep Elf Conjurer began the quest for the Orb.
     0 | D:1      | Reached XP level 1. HP: 10/10 MP: 6/6
    49 | D:1      | Found a faded altar of an unknown god.
   161 | D:1      | Prayed at the altar of an unknown god.
   161 | D:1      | Became a worshipper of Cheibriados the Contemplative
   161 | D:1      | Reached * piety under Cheibriados
   465 | D:1      | Reached XP level 2. HP: 15/15 MP: 6/8
   468 | D:1      | Learned a level 2 spell: Searing Ray
   590 | D:1      | Reached skill level 5 in Conjurations
  1131 | D:2      | Reached skill level 4 in Spellcasting
  1147 | D:2      | Reached XP level 3. HP: 19/19 MP: 5/10
  1200 | D:2      | Reached ** piety under Cheibriados
  2153 | D:3      | Reached skill level 5 in Spellcasting
  2559 | D:3      | Found the +7 Kryia's mail coat {PotionHeal*2 rC+}
  3013 | D:4      | Reached XP level 4. HP: 24/24 MP: 10/13
  3016 | D:4      | HP: 1/24 [orc priest/divine providence (14)]
  3019 | D:4      | Reached *** piety under Cheibriados
  3020 | D:4      | Reached skill level 6 in Spellcasting
  3286 | D:4      | Reached XP level 5. HP: 12/28 MP: 8/16
  3305 | D:4      | Noticed Blork the orc
  3472 | D:3      | Killed Blork the orc
  3473 | D:3      | Reached skill level 7 in Spellcasting
  3674 | D:4      | Found Kabbea Jufo's Distillery.
  3715 | D:4      | Found Ymept's Distillery.
  3896 | D:4      | Reached skill level 8 in Spellcasting
  3901 | D:4      | Reached XP level 6. HP: 32/32 MP: 5/19
  4202 | D:4      | Learned a level 4 spell: Fulminant Prism
  4242 | D:4      | Found Isoyci's Weapon Boutique.
  4267 | D:4      | Found Heasinn's General Store.
  4318 | D:4      | You fall into a shaft and drop 2 floors!
  4365 | D:6      | Noticed an ice beast
  4367 | D:6      | Reached skill level 9 in Spellcasting
  4373 | D:6      | Killed an ice beast
  4374 | D:6      | Reached skill level 10 in Spellcasting
  4374 | D:6      | Reached XP level 7. HP: 36/36 MP: 10/22
  4453 | D:6      | Reached **** piety under Cheibriados
  4464 | D:6      | Reached skill level 1 in Hexes
  4576 | D:6      | Found a blossoming altar of Fedhas.
  4964 | D:6      | Reached skill level 5 in Hexes
  5034 | D:6      | Reached XP level 8. HP: 41/41 MP: 17/24
  5115 | D:6      | Found a staircase to the Ecumenical Temple.
  5304 | D:6      | Found an opulent altar of Gozag.
  5769 | D:7      | HP: 2/41 [bullfrog (2)]
  5772 | D:7      | Gained mutation: You are partially covered in iridescent
                  | scales. (AC +2) [potion of mutation]
  5772 | D:7      | Gained mutation: You possess an exceptional clarity of
                  | mind. [potion of mutation]
  5775 | D:7      | HP: 3/61 [wyvern (1)]
  5778 | D:7      | HP: 1/41 [bullfrog (7)]
  5780 | D:7      | Slain by a bullfrog

Illustrated notes

Levels and vault maps discovered:
D:1:      psy_arrival_dodecagon, layout_basic, basic_ecumenical_altar
D:2:      layout_basic
D:3:      layout_basic, minivault_14
D:4:      layout_layer_cave, nicolae_ashenzari_skybound, serial_shops,
          shop_statue, nicolae_shop_advertising_works
          [nicolae_subvault_shop_adworks], shop, nicolae_inconvenience_store,
          kennysheep_little_box, sigmund_edmund_badplayer, uniq_robin,
          uniq_blork_the_orc, uniq_ijyb
D:6:      layout_rooms, nicolae_overflow_hidden_temple,
          mainiacjoe_overflow_chevrons, minmay_temple_entry_ruins,
          serial_curves, eino_curves_01, eino_curves_01, minmay_misc_feat_alley,
          hex_tiny, chequers_serial_rivers_small_b
D:7:      layout_loops_ring, grunt_temple_overflow_champion_of_chaos,
          nicolae_uskayaw_suspiria, chequers_temple_overflow_minitemple

Skill      XL: |  1  2  3  4  5  6  7  8 |
---------------+-------------------------+-----
Conjurations   | 5 |  5.0
Spellcasting   | 4 5 6 8 10 | 10.0
Hexes          | 6 8 |  8.9
Dodging        | |  2.4
Stealth        | |  2.4

Action                   |  1- 3 |  4- 6 |  7- 9 || total
-------------------------+-------+-------+-------++-------
Melee: Unarmed           |    43 |       |       ||    43
 Cast: Magic Dart        |    84 |    48 |    45 ||   177
       Searing Ray       |     1 |    13 |    16 ||    30
       Fulminant Prism   |       |       |     3 ||     3
  Use: Scroll            |     9 |       |     2 ||    11
       Potion            |       |       |     9 ||     9
Armor: Robe              |    17 |     2 |     4 ||    23
       Skin              |       |       |    21 ||    21
Dodge: Dodged            |    34 |     8 |    16 ||    58

Table legend: (Time is in decaauts)
 A = Elapsed time spent in this place.
 B = Non-inter-level travel time spent in this place.
 C = Inter-level travel time spent in this place.
 D = Time resting spent in this place.
 E = Time spent auto-exploring this place.
 F = Levels seen in this place.
 G = Mean time per level.
                   A        B        C        D        E       F      G
               +--------+--------+--------+--------+--------+-----+--------+
         Total |   7272 |   6783 |    489 |   1596 |   4571 |   6 | 1212.0 |
       Dungeon |   7272 |   6783 |    489 |   1596 |   4571 |   6 | 1212.0 |
               +--------+--------+--------+--------+--------+-----+--------+

Top non-repeatable levels by time:
     D:6: 1926 daAuts
     D:3: 1802 daAuts
     D:2: 1315 daAuts
     D:4: 1240 daAuts
     D:1: 887 daAuts
     D:7: 101 daAuts
